 Dungeon Crawl Stone Soup version 0.30-a0-385-gfebfb9b408 (webtiles) character file.

Game seed: 17995393424204986196

334618 MackTheKnife the Eclecticist (level 20, -2/127 HPs)
             Began as a Deep Elf Cinder Acolyte on Dec 1, 2022.
             Was a High Priest of Ignis.
             Slain by a spark wasp (15 damage)
             ... on level 1 of the Depths on Dec 2, 2022.
             The game lasted 03:19:23 (41071 turns).

MackTheKnife the Eclecticist (DECA)                Turns: 41071, Time: 03:19:23

Health: -2/127     AC: 12    Str: 11      XL:     20   Next: 94%
Magic:  8/45       EV: 20    Int: 34 (35) God:    Ignis [*****.]
Gold:   1295       SH:  9    Dex: 17      Spells: 5/58 levels left

rFire   + . .      SeeInvis .    a - +5 demon whip (elec) {mace}
rCold   + . .      Faith    .    d - +3 buckler {rC+}
rNeg    + + .      Spirit   .    u - +2 robe {Will+}
rPois   +          Reflect  .    o - +1 hat of Precision Catastrophes {rElec rN+ Regen+ Int+4}
rElec   +          Harm     .    F - +2 cloak
rCorr   +          Rampage  .    G - +2 pair of gloves
Will    +++..                    P - +0 pair of boots
Stlth   ++........               D - amulet of magic regeneration {@e2}
HPRegen 1.21/turn                c - +6 ring of intelligence
MPRegen 0.69/turn                s - ring of Biheph {Wiz rPois rN+ rCorr Dex+3}

@: death channelling
A: no striking features
}: 2/15 runes: barnacled, gossamer
a: Renounce Religion, Fiery Armour, Foxfire Swarm, Rising Flame


You were on level 1 of the Depths.
You worshipped Ignis.
Ignis was extremely pleased with you.
You visited 7 branches of the dungeon, and saw 35 of its levels.
You visited 1 bazaar.
You also visited: Ice Cave.

You collected 3747 gold pieces.
You spent 2452 gold pieces at shops.


   Skills:
 - Level 14.3 Fighting
 - Level 7.9(8.0) Maces & Flails
 - Level 2.3(6.9) Staves
 - Level 1.4 Armour
 - Level 14.3 Dodging
 - Level 7.2 Shields
 - Level 19.6 Spellcasting
 - Level 10.2 Conjurations
 + Level 14.9 Summonings
 - Level 16.6 Necromancy
 - Level 10.0 Transmutations
 - Level 5.1 Fire Magic
 - Level 11.6 Air Magic
 - Level 10.0 Earth Magic


You had 5 spell levels left.
You knew the following spells:

 Your Spells              Type           Power      Damage    Failure   Level
a - Animate Dead          Necr           98%        N/A       0%          4
b - Borgnjor's Vile Clut  Necr/Erth      45%        N/A       1%          5
c - Lightning Bolt        Conj/Air       41%        1d60      1%          5
d - Airstrike             Air            42%        2d(7-23)  1%          4
e - Death Channel         Necr           49%        N/A       1%          6
f - Infestation           Necr           49%        N/A       3%          8
g - Statue Form           Tmut/Erth      53%        N/A       1%          6
h - Haunt                 Necr/Summ      48%        N/A       1%          7
i - Summon Horrible Thin  Summ           47%        N/A       7%          8

Your spell library contained the following spells:

 Spells                   Type           Power      Damage    Failure   Level
 Magic Dart               Conj           100%       1d8       0%          1
 Necrotise                Necr           100%       1d9       0%          1
 Shock                    Conj/Air       100%       1d9       0%          1
 Summon Small Mammal      Summ           100%       N/A       0%          1
 Call Imp                 Summ           94%        N/A       0%          2
 Static Discharge         Conj/Air       100%       2-7/arc   0%          2
 Apportation              Tloc           66%        N/A       1%          1
 Sting                    Tmut/Pois      100%       1d8       1%          1
 Cigotuvi's Dreadful Rot  Necr/Pois/Air  100%       N/A       1%          2
 Ensorcelled Hibernation  Hex/Ice        66%        N/A       1%          2
 Poisonous Vapours        Pois/Air       100%       N/A       1%          2
 Scorch                   Fire           100%       2d10      1%          2
 Searing Ray              Conj           100%       2d8       1%          2
 Dazzling Flash           Conj/Hex       100%       N/A       1%          3
 Gell's Gravitas          Tloc           33%        N/A       1%          3
 Ignite Poison            Fire/Tmut/Pois 61%        N/A       1%          3
 Mephitic Cloud           Conj/Pois/Air  70%        N/A       1%          3
 Ozocubu's Armour         Ice            33%        N/A       1%          3
 Spider Form              Tmut/Pois      61%        N/A       1%          3
 Swiftness                Air            85%        N/A       1%          3
 Teleport Other           Tloc           33%        N/A       1%          3
 Vhi's Electric Charge    Tloc/Air       100%       N/A       1%          3
 Anguish                  Hex/Necr       37%        N/A       1%          4
 Animate Armour           Summ/Erth      100%       N/A       1%          4
 Fulminant Prism          Conj/Hex       31%        3d15      1%          4
 Iskenderun's Mystic Bla  Conj/Tloc      62%        2d13      1%          4
 Leda's Liquefaction      Hex/Erth       30%        N/A       1%          4
 Sticky Flame             Conj/Fire      72%        2d9       1%          4
 Summon Ice Beast         Ice/Summ       71%        N/A       1%          4
 Arcjolt                  Conj/Air       41%        1d51      1%          5
 Blade Hands              Tmut           40%        N/A       1%          5
 Lee's Rapid Deconstruct  Erth           40%        3d20*     1%          5
 Summon Mana Viper        Hex/Summ       71%        N/A       1%          5
 Cause Fear               Hex            16%        N/A       4%          4
 Monstrous Menagerie      Summ           47%        N/A       1%          7
 Starburst                Conj/Fire      36%        6d11      3%          6
 Storm Form               Tmut/Air       41%        N/A       4%          7
 Dragon Form              Tmut           40%        N/A       7%          7
 Malign Gateway           Summ/Tloc      35%        N/A       19%         7
 Maxwell's Capacitive Co  Air            42%        ∞         26%         8
 Dispersal                Tloc           16%        N/A       56%         6
 Dragon's Call            Summ           47%        N/A       69%         9
 Ozocubu's Refrigeration  Ice            16%        4d11      98%         7
 Ignition                 Fire           31%        3d10      98%         8

Inventory:

Hand Weapons
 a - a +5 demon whip of electrocution (weapon) {mace}
   (You acquired it on level 4 of the Spider Nest)
Armour
 d - a +3 buckler of cold resistance (worn)
   (You found it in an ice cave)
 o - the +1 hat of Precision Catastrophes (worn) {rElec rN+ Regen+ Int+4}
   (You found it on level 9 of the Dungeon)

   Int:       It affects your intelligence (+4).
   rElec:     It insulates you from electricity.
   rN:        It protects you from negative energy.
   Regen:     It increases your rate of health regeneration.
 u - a +2 robe of willpower (worn)
   (You took it off an orc sorcerer on level 2 of the Orcish Mines)
 F - a +2 cloak (worn)
   (You found it on level 3 of the Dungeon)
 G - a +2 pair of gloves (worn)
   (You found it on level 2 of the Lair of Beasts)
 J - a +1 buckler of fire resistance
   (You took it off a merfolk on level 2 of the Shoals)
 P - a +0 pair of boots (worn)
   (You found it on level 5 of the Dungeon)
 W - a scarf of shadows {orbrun?}
   (You found it on level 5 of the Lair of Beasts)
 Y - a +1 robe of resistance
   (You found it in an ice cave)
Magical Staves
 b - a staff of air {!astaff}
   (You acquired it on level 2 of the Shoals)
Jewellery
 c - a +6 ring of intelligence (left hand)
   (You found it on level 3 of the Vaults)
 l - the ring of Feufur {rC+ rCorr Dex+2 Stlth+}
   (You found it on level 4 of the Shoals)

   [ring of protection from cold]

   Dex:       It affects your dexterity (+2).
   rC:        It protects you from cold.
   rCorr:     It protects you from acid and corrosion.
   Stlth:     It makes you more stealthy.
 s - the ring of Biheph (right hand) {Wiz rPois rN+ rCorr Dex+3}
   (You bought it in a shop on level 2 of the Orcish Mines)

   [ring of wizardry]

   It improves your spell success rate.
   Dex:       It affects your dexterity (+3).
   rPois:     It protects you from poison.
   rN:        It protects you from negative energy.
   rCorr:     It protects you from acid and corrosion.
 x - the ring "Niziebitu" {rC+ rN+ Will+}
   (You found it on level 4 of the Vaults)

   [ring of willpower]

   rC:        It protects you from cold.
   rN:        It protects you from negative energy.
   Will:      It increases your willpower.
 D - an amulet of magic regeneration (around neck) {@e2}
   (You found it on level 3 of the Dungeon)
 H - a ring of willpower
   (You found it on level 4 of the Dungeon)
 Q - a ring of flight
   (You found it on level 13 of the Dungeon)
 X - a ring of see invisible
   (You found it on level 4 of the Lair of Beasts)
Wands
 f - a wand of paralysis (30)
   (You found it on level 7 of the Dungeon)
 g - a wand of mindburst (17)
   (You found it on level 12 of the Dungeon)
 j - a wand of quicksilver (5)
   (You found it on level 4 of the Shoals)
 v - a wand of digging (13)
   (You found it on level 3 of the Dungeon)
Scrolls
 e - 14 scrolls of teleportation {@r4}
 t - 4 scrolls of brand weapon
 y - 2 scrolls of fear
 A - 5 scrolls of butterflies
 C - 3 scrolls of summoning
 I - 5 scrolls of poison {!r}
 K - a scroll of silence {!r}
 O - 2 scrolls of enchant armour
 R - a scroll of magic mapping {!r}
 U - 2 scrolls of amnesia
 V - 3 scrolls of immolation {!r!r}
Potions
 h - 11 potions of curing {@q1}
 i - 12 potions of haste {@q3}
 k - 3 potions of cancellation
 m - 3 potions of magic
 p - 13 potions of mutation {!q}
 q - 8 potions of ambrosia
 r - 8 potions of lignification {!q}
 B - 2 potions of invisibility
 E - 9 potions of attraction {!q}
 L - 7 potions of brilliance
 M - 5 potions of heal wounds {@q2}
 S - 3 potions of might
 T - 2 potions of resistance
 Z - 3 potions of flight
Miscellaneous
 w - a lightning rod (4/4)
   (You found it on level 13 of the Dungeon)
 z - a phantom mirror
   (You found it on level 11 of the Dungeon)
 N - a box of beasts (inert)
   (You found it on level 13 of the Dungeon)

Dungeon Overview and Level Annotations

Branches:
Dungeon (15/15) Zot: 25442  Temple (0/1) D:4            Lair (5/5) D:10 Zot: 23841
 Shoals (4/4) Lair:2 Zot: 20148  Spider (4/4) Lair:2 Zot: 19920   Slime (0/5) Lair:4
    Orc (2/2) D:10 Zot: 8908     Elf (0/3) Orc:2        Vaults (4/5) D:13 Zot: 18203
  Crypt (0/3) Vaults:2     Depths (1/4) D:15 Zot: 5235   IceCv (visited)

Altars:
Ashenzari
Cheibriados
Elyvilon
Qazlal
Wu Jian
Xom
Yredelemnul
Zin
The Shining One
Jiyva

Shops:
D:5 *   D:12 [   Orc:1 (   Orc:2 [=[   Shoals:1 (   Shoals:2 ?   Vaults:2 *

Portals:
Hell: Depths:1
Pandemonium: Depths:1
Trove: D:12 (give +8 demon whip)

Annotations:
D:7 exclusion: upstairs
D:11 4 transporters
Shoals:2 exclusion: downstairs
Orc:2 fuck shop mimics
Vaults:2 36 runed doors
Vaults:4 Zenata

.#~,*,***,♣.≈* #.#
.#~,*,*,,,♣.≈* #.#
.#~,*,***♣♣.≈* #.#
.#~,*,,,,,.XW* #.#
^#~,**♣♣♣♣♣♣W####.#
>#~,,,.m...X.yX##.#
.#~~~~≈≈≈≈≈X≈#.##.#
.#############Z##.#
..............By@.#
#########.#######.#
# #.# #.# # #.# #.#
# #.# #.# # #.###
#.# # #...## #.# #
#.#..# #.#
#########....####.#


You could see a spark wasp (infested, ally target), a friendly spectral spark
wasp and a friendly death scarab.


Message History

You take 57 damage, and now have 58/127 hp.
MASSIVE DAMAGE!! (PAUSE)
You lost 8 mp, and now have 18/45 mp.
The spark wasp attacks as you move away!
The spark wasp misses you.
Your wraith hits the spark wasp. 😨 HP[+1] MP[+1] Unknown command.
You swap places.
Your large abomination hits the spark wasp!!
The spark wasp stings something!
The spark wasp shocks something!
Your large abomination hits the spark wasp but does no damage. 😨 HP[+1] MP[+1] Unknown command.
Your large abomination misses the spark wasp.
The spark wasp bursts into living lightning!
The living lightning hits the spark wasp.
The spark wasp completely resists.
The living lightning hits your large abomination.
The living lightning hits you. You resist.
* * * LOW HITPOINT WARNING * * *
The spark wasp blinks! x2
The spark wasp stings your large abomination but does no damage.
Your large abomination hits the spark wasp!
Your wraith hits the spark wasp but does no damage. 😨 HP[-1] MP[+1]
You take 1 damage, and now have 59/127 hp.
Casting: Summon Horrible Things (dangerous; 8% risk of failure)
Confirm with . or Enter, or press ? or * to list all spells.
Aiming: Airstrike (safe; 1% risk of failure)
Press: ? - help, Dir - move target, f - spark wasp, p - spark wasp
Aim: a spark wasp (severely wounded, not watching you, infested, ally target, empty space bonus: 2/8)
The air twists around and strikes the spark wasp.
The spark wasp closely misses you.
The spark wasp stings your large abomination!!
The spark wasp shocks your large abomination!
The spark wasp stings something!
The spark wasp shocks something.
Your large abomination hits the spark wasp.
Your large abomination hits the spark wasp!!
The spark wasp closely misses you. The spark wasp stings your wraith!!
Your wraith is destroyed!
Your wraith disappears in a puff of smoke!
The spark wasp stings your large abomination!
Your large abomination is destroyed!
Your large abomination disappears in a puff of smoke! 😨 HP[+1] MP[-4]
You lost 4 mp, and now have 17/45 mp.
Casting: Airstrike (safe; 1% risk of failure)
Confirm with . or Enter, or press ? or * to list all spells.
Aiming: Airstrike (safe; 1% risk of failure)
Press: ? - help, Dir - move target, f/p - spark wasp
Aim: a spark wasp (severely wounded, infested, empty space bonus: 3/8)
The air twists around and strikes the spark wasp.
The spark wasp bursts into living lightning!
The living lightning hits you. You resist.
* * * LOW HITPOINT WARNING * * *
The spark wasp blinks! 😨 HP[-1] MP[-3]
You take 1 damage, and now have 59/127 hp.
You lost 3 mp, and now have 14/45 mp.
Casting: Airstrike (safe; 1% risk of failure)
Confirm with . or Enter, or press ? or * to list all spells.
Aiming: Airstrike (safe; 1% risk of failure)
Press: ? - help, Dir - move target, f/p - spark wasp
Aim: a spark wasp (almost dead, infested, ally target, empty space bonus: 2/8)
The air twists around and strikes the spark wasp but does no damage.
You block the spark wasp's attack.
Something stings your tentacled monstrosity!!
Something shocks your tentacled monstrosity.
Your tentacled monstrosity resists.
Something completely misses your tentacled monstrosity. 😨 HP[+1] MP[-3]
You lost 3 mp, and now have 11/45 mp.
Casting: Airstrike (safe; 1% risk of failure)
Confirm with . or Enter, or press ? or * to list all spells.
Aiming: Airstrike (safe; 1% risk of failure)
Press: ? - help, Dir - move target, f/p - spark wasp
Aim: a spark wasp (almost dead, infested, ally target, empty space bonus: 1/8)
The air twists around and strikes the spark wasp.
The spark wasp stings you!!
* * * LOW HITPOINT WARNING * * *
The spark wasp shocks you. You resist.
* * * LOW HITPOINT WARNING * * *
Your freezing wraith hits the spark wasp but does no damage. x2
Your tentacled monstrosity tentacle-slaps the spark wasp but does no damage.
Your tentacled monstrosity tentacle-slaps the spark wasp.
Your tentacled monstrosity tentacle-slaps the spark wasp!
The spark wasp dies!
A death scarab bursts from the spark wasp!
A glowing mist starts to gather... 😨 HP[-22] MP[-4]
You take 22 damage, and now have 38/127 hp.
You lost 4 mp, and now have 7/45 mp.
The spark wasp attacks as you move away!
The spark wasp stings you!!
* * * LOW HITPOINT WARNING * * *
The spark wasp shocks you. You resist.
* * * LOW HITPOINT WARNING * * *
Your death scarab barely misses the spark wasp.
The spark wasp stings you!
You die...

Skill      XL: |  1  2  3  4  5  6  7  8  9 10 11 12 13 14 15 16 17 18 19 20 |
---------------+-------------------------------------------------------------+-----
Spellcasting   | 2 3 4 5 7 8 10 13 16 17 19 | 19.6
Fire Magic     | 4 5 |  5.1
Fighting       | 3 5 6 7 8 10 12 14 | 14.3
Dodging        | 1 6 7 8 9 10 14 | 14.3
Necromancy     | 6 9 13 16 | 16.6
Earth Magic    | 8 9 10 | 10.0
Conjurations   | 5 9 10 | 10.2
Air Magic      | 5 9 11 | 11.6
Armour         | 1 |  1.4
Summonings     | 3 6 14 | 14.9
Staves         | 2 |  2.3
Shields        | 7 |  7.2
Maces & Flails | 3 7 |  7.9
Transmutations | 8 10 | 10.0

Action                   |  1- 3 |  4- 6 |  7- 9 | 10-12 | 13-15 | 16-18 | 19-21 || total
-------------------------+-------+-------+-------+-------+-------+-------+-------++-------
Melee: Mace              |    66 |    13 |       |       |       |       |       ||    79
       Short sword       |       |    18 |     6 |     3 |   156 |    67 |       ||   250
       Punch             |       |     3 |       |       |     5 |       |       ||     8
       Demon whip        |       |       |       |       |       |   114 |   217 ||   331
       Lajatang          |       |       |       |       |       |     4 |       ||     4
       Staff             |       |       |       |       |       |       |     2 ||     2
Throw: Dart              |     1 |     2 |       |       |       |       |       ||     3
 Cast: Scorch            |    36 |    67 |   188 |   309 |   638 |    62 |       ||  1300
       Animate Dead      |       |       |     2 |    10 |    21 |    17 |     2 ||    52
       Borgnjor's Vile C |       |       |       |    34 |   103 |    52 |    47 ||   236
       Lightning Bolt    |       |       |       |     9 |   163 |    96 |    15 ||   283
       Airstrike         |       |       |       |       |    39 |   291 |   141 ||   471
       Death Channel     |       |       |       |       |    13 |    24 |    36 ||    73
       Lee's Rapid Decon |       |       |       |       |       |    12 |       ||    12
       Infestation       |       |       |       |       |       |    24 |    46 ||    70
       Haunt             |       |       |       |       |       |    11 |    32 ||    43
       Statue Form       |       |       |       |       |       |     1 |    11 ||    12
       Summon Horrible T |       |       |       |       |       |       |    12 ||    12
Evoke: Wand              |       |     1 |     3 |     3 |    14 |     1 |       ||    22
       Phantom mirror    |       |       |       |     1 |     4 |     5 |     3 ||    13
       Lightning rod     |       |       |       |       |     2 |     9 |       ||    11
       Box of beasts     |       |       |       |       |       |     4 |     2 ||     6
  Use: Scroll            |       |     5 |    14 |     4 |    11 |    22 |    10 ||    66
       Potion            |       |       |     3 |       |     1 |     5 |     5 ||    14
 Stab: Distracted        |       |       |       |       |     2 |     6 |     5 ||    13
       Paralysed         |       |       |       |       |     6 |       |       ||     6
       Sleeping          |       |       |       |       |       |     2 |     1 ||     3
Armor: Robe              |    15 |       |    19 |    74 |   189 |   106 |    40 ||   443
       Leather armour    |       |    16 |    23 |       |     5 |       |       ||    44
       Skin              |       |       |       |       |       |     4 |    24 ||    28
Dodge: Dodged            |    61 |    20 |    71 |   160 |   549 |   445 |   202 ||  1508
Block: Buckler           |       |       |       |       |       |    59 |   123 ||   182

Levels and vault maps discovered:
D:1:      minmay_arrival_diagonal_passages, layout_basic
D:2:      layout_basic
D:3:      cheibrodos_helix_gallery, layout_loops_ring, xom_redecorated,
          minmay_surrounded
D:4:      layout_basic, minmay_temple_entry_tees, nicolae_zen_rock_garden
D:5:      layout_basic, amcnicky_altar_gilded, nicolae_overflow_squiral,
          nicolae_alphabet_shops, minmay_misc_feat_roman
D:6:      corexii_shack_village, layout_loops_ring, led_sif_book, kb_rosetta
D:7:      layout_basic, tso_altar, amcnicky_mini_corridor_feature, uniq_menkaure
D:8:      layout_loops_ring, uniq_prince_ribbit1
D:9:      layout_basic, minmay_starry_boxes
D:10:     layout_basic, elyvilon_altar_4, nzn_wu_jian_contemplation,
          nicolae_qazlal_eye_of_the_storm, orc_0_dummy, enter_bailey_6,
          minmay_lizard_king, uniq_josephine
D:11:     layout_long_grid, nicolae_transporter_circle, uniq_maurice,
          uniq_nergalle
D:12:     layout_loops_ring, serial_shops, nicolae_shop_waterfront,
          trove_entry_hex_spiral, kennysheep_slug_shrine
D:13:     kennysheep_six_static_rooms, layout_irregular_city,
          grunt_vaults_entry_tiered, biasface_ghost_orc_armoury,
          grunt_ministairs_13
D:14:     layout_cave_pools, minmay_misc_feat_encased,
          portal_ice_cave_entry_pillars_2
D:15:     grunt_enter_depths_hoard, layout_basic, abandoned_shop
Lair:1:   layout_cave_shapes, minivault_26, nzn_sisyphean_effort
Lair:2:   layout_regular_city, minmay_shoals_entry_beasts,
          spider_nest_entry_rubble, grunt_megastairs_2, serial_bayou_shore_a,
          infiniplex_staircase_pool
Lair:3:   dreamdust_cave_troll, layout_long_grid, gauntlet_entry_generic,
          cheibrodos_lair_reptile_den
Lair:4:   layout_roguey, slime_entry_1, eino_house_with_fridge,
          lemuel_fruit_fields
Lair:5:   hangedman_lair_tendril_chambers, layout_loops_ring
Shoals:1: layout_shoals, nicolae_shop_firing_range
Shoals:2: cheibrodos_shoals_three_sisters, layout_shoals, serial_shops, shop,
          nicolae_shoals_seven_spires, hangedman_shoal_volcano
Shoals:3: layout_shoals, uniq_kirke, uniq_polyphemus, uniq_bai_suzhen,
          uniq_roxanne, uniq_nikola
Shoals:4: shoals_end_simple, layout_shoals, shoals_ilsuiw_alternative,
          nicolae_shoals_enchanted_isle, uniq_mlioglotl
Spider:1: layout_chambers, hangedman_spider_tarantella_strand
Spider:2: layout_spider_delve, nicolae_spider_some_kinda_spiderbox
Spider:3: layout_spider_delve, hellmonk_test_site, uniq_agnes
Spider:4: grunt_spider_rune_circles, uniq_mara
Orc:1:    layout_diamond_mine, serial_shops, nicolae_diamond_shop,
          minmay_orc_temple_a
Orc:2:    pubby_orc_utopia, serial_shops
Vaults:1: v_misc_2, nicolae_vaults_shelves_hall, nicolae_vaults_network_star,
          hangedman_vaults_impose, dpeg_vaults_monster_box,
          layout_vaults_omnigrid
Vaults:2: minmay_crypt_entry_simple_corners, v_misc_28, vaults_room_door_hall,
          vaults_dpeg_doors, v_misc_17, vaults_dpeg_cross, v_pattern_5,
          door_vault, vaults_room_semicircle, nicolae_vaults_little_squares_3,
          v_misc_30, nicolae_vaults_little_ls, vaults_room_door_hall,
          layout_vaults_omnibox, serial_shops, shop
Vaults:3: nicolae_vaults_network_square, v_alt_pattern_2,
          ontoclasm_vaults_decontamination, st_octagons_1,
          layout_vaults_chaotic_city
Vaults:4: v_misc_24, v_rooms_1, vaults_room_hallway,
          nicolae_vaults_sealed_display, hangedman_vaults_maws,
          ontoclasm_vaults_idyll, vaults_room_octagon,
          grunt_vaults_hallway_short, v_misc_1, vaults_dpeg_ring,
          ontoclasm_vaults_gallery, layout_vaults_omnicross, uniq_sojobo,
          uniq_mennas, uniq_zenata
Depths:1: layout_small_grid, hell_entry, kennysheep_small_spiral,
          rand_demon_pan_entry_5, serial_shops, bzr_entry_gold, drop_trap,
          minmay_parallelograms, lemuel_zombie_altar_yredelemnul

Notes
Turn   | Place    | Note
-------+----------+-------------------------------------------
     0 | D:1      | MackTheKnife the Deep Elf Cinder Acolyte began the quest
                  | for the Orb.
     0 | D:1      | Reached XP level 1. HP: 13/13 MP: 5/5
     0 | D:1      | magus.rc [v1.9.6]
   106 | D:1      | Reached skill level 2 in Spellcasting
   201 | D:1      | Reached XP level 2. HP: 12/18 MP: 7/7
   204 | D:1      | Learned a level 2 spell: Scorch
   532 | D:1      | Reached skill level 3 in Spellcasting
   584 | D:1      | Reached skill level 4 in Fire Magic
   644 | D:1      | Reached XP level 3. HP: 21/22 MP: 9/9
  1394 | D:2      | Reached XP level 4. HP: 27/27 MP: 6/11
  1622 | D:2      | Reached skill level 4 in Spellcasting
  2130 | D:2      | Identified the +6 short sword of the Bespelling Hero {vamp,
                  | Contam rC+ Dex+4}
  2170 | D:3      | Found a shimmering altar of Xom.
  2173 | D:3      | Found a shimmering altar of Xom.
  2177 | D:3      | Found a shimmering altar of Xom.
  2177 | D:3      | Found a shimmering altar of Xom.
  2178 | D:3      | Found a shimmering altar of Xom.
  2780 | D:3      | You pick up a book of Cantrips and begin reading...
  2780 | D:3      | You add the spells Necrotise, Summon Small Mammal and
                  | Apportation to your library.
  3067 | D:4      | Reached skill level 5 in Fire Magic
  3067 | D:4      | Reached XP level 5. HP: 31/31 MP: 14/14
  3105 | D:4      | Reached skill level 5 in Spellcasting
  3176 | D:4      | Found a staircase to the Ecumenical Temple.
  3181 | D:4      | Noticed an ogre
  3186 | D:4      | Killed an ogre
  3187 | D:4      | Reached skill level 3 in Fighting
  3187 | D:4      | Reached XP level 6. HP: 37/37 MP: 16/16
  3190 | D:4      | Reached skill level 6 in Spellcasting
  3648 | D:5      | Entered Level 5 of the Dungeon
  3648 | D:5      | Noticed an orc warrior
  3693 | D:5      | Found a glowing silver altar of Zin.
  3977 | D:5      | Found Bautawn's Bounteous Boutique.
  3998 | D:5      | Reached skill level 7 in Spellcasting
  3998 | D:5      | Reached XP level 7. HP: 42/42 MP: 19/19
  4070 | D:4      | Reached skill level 4 in Fighting
  4095 | D:4      | HP: 5/43 [orc warrior/+0 mace (9)]
  4287 | D:5      | Found a basalt altar of Yredelemnul.
  4288 | D:5      | Found a broken altar of Ashenzari.
  4337 | D:5      | Reached skill level 8 in Spellcasting
  4710 | D:5      | Reached skill level 5 in Fighting
  4984 | D:6      | Reached skill level 1 in Dodging
  4984 | D:6      | Reached XP level 8. HP: 49/49 MP: 22/22
  5060 | D:6      | Reached skill level 2 in Dodging
  5149 | D:6      | Noticed a manticore
  5149 | D:6      | Noticed a manticore
  5157 | D:7      | Noticed Menkaure
  5167 | D:7      | Killed Menkaure
  5168 | D:7      | Reached skill level 3 in Dodging
  5300 | D:7      | Reached skill level 4 in Dodging
  5438 | D:6      | Reached skill level 6 in Fighting
  5667 | D:7      | Reached skill level 5 in Dodging
  5867 | D:7      | Reached skill level 6 in Dodging
  5934 | D:7      | Reached XP level 9. HP: 54/56 MP: 23/23
  6075 | D:7      | Reached skill level 7 in Fighting
  6266 | D:7      | Found a glowing golden altar of the Shining One.
  6271 | D:7      | Reached skill level 7 in Dodging
  6412 | D:7      | You pick up a book of Death and begin reading...
  6412 | D:7      | You add the spells Animate Dead, Haunt and Infestation to
                  | your library.
  6418 | D:7      | Learned a level 4 spell: Animate Dead
  6587 | D:8      | Reached skill level 2 in Necromancy
  6595 | D:8      | Reached skill level 3 in Necromancy
  6599 | D:8      | Reached skill level 4 in Necromancy
  6602 | D:8      | Reached skill level 5 in Necromancy
  6770 | D:8      | Identified the +12 dagger of the Heavens {vamp, rElec}
  6780 | D:8      | Reached skill level 6 in Necromancy
  6877 | D:8      | Reached skill level 9 in Spellcasting
  6881 | D:8      | HP: 13/57 [killer bee (7)]
  7048 | D:8      | You fall into a shaft and drop 2 floors!
  7048 | D:10     | Entered Level 10 of the Dungeon
  7055 | D:10     | Found a staircase to the Lair.
  7067 | D:9      | Reached skill level 10 in Spellcasting
  7271 | D:8      | Noticed Prince Ribbit
  7276 | D:8      | Killed Prince Ribbit
  7277 | D:8      | Reached XP level 10. HP: 59/63 MP: 26/26
  7359 | D:8      | You pick up a book of Unlife and begin reading...
  7359 | D:8      | You add the spells Borgnjor's Vile Clutch and Death Channel
                  | to your library.
  7634 | D:9      | Reached skill level 8 in Dodging
  7640 | D:9      | Identified the +1 hat of Precision Catastrophes {rElec rN+
                  | Regen+ Int+4}
  7741 | D:9      | Learned a level 5 spell: Borgnjor's Vile Clutch
  7896 | D:9      | Reached skill level 1 in Earth Magic
  7898 | D:9      | Reached skill level 2 in Earth Magic
  7902 | D:9      | Reached skill level 3 in Earth Magic
  7954 | D:9      | Reached skill level 4 in Earth Magic
  8045 | D:9      | Reached skill level 5 in Earth Magic
  8390 | D:9      | magus.rc [v1.9.6]
  8444 | D:10     | Reached skill level 6 in Earth Magic
  8472 | D:10     | Noticed Josephine
  8480 | D:10     | Killed Josephine
  8481 | D:10     | Reached skill level 8 in Earth Magic
  8555 | D:10     | Reached XP level 11. HP: 62/67 MP: 8/27
  8678 | D:10     | Found an ornate altar of the Wu Jian Council.
  8708 | D:10     | Reached skill level 9 in Earth Magic
  8765 | D:10     | Found a staircase to the Orcish Mines.
  8773 | D:10     | You pick up a book of Lightning and begin reading...
  8773 | D:10     | You add the spells Static Discharge, Vhi's Electric Charge,
                  | Lightning Bolt and Arcjolt to your library.
  8892 | D:10     | Found a white marble altar of Elyvilon.
  9090 | D:10     | Found a stormy altar of Qazlal.
  9242 | D:10     | Identified the +5 quarterstaff "Wous" {spect, Contam Fly
                  | rF+}
  9448 | D:10     | magus.rc [v1.9.6]
  9512 | Lair:1   | Entered Level 1 of the Lair of Beasts
  9542 | Lair:1   | Noticed a death yak
  9543 | Lair:1   | Noticed a death yak
  9559 | Lair:1   | Noticed a death yak
  9559 | Lair:1   | Noticed a death yak
  9560 | Lair:1   | Reached skill level 8 in Fighting
  9563 | Lair:1   | Noticed a death yak
  9626 | Orc:1    | Entered Level 1 of the Orcish Mines
  9778 | D:11     | Noticed Nergalle
  9783 | D:11     | Noticed a brown ugly thing
  9801 | D:11     | Killed a brown ugly thing
  9804 | D:11     | Killed Nergalle
  9805 | D:11     | Reached skill level 9 in Dodging
  9979 | D:11     | You pick up a book of Air and begin reading...
  9979 | D:11     | You add the spells Shock, Swiftness and Airstrike to your
                  | library.
  9986 | D:11     | Learned a level 5 spell: Lightning Bolt
 10041 | D:11     | Reached skill level 1 in Conjurations
 10041 | D:11     | Reached skill level 1 in Air Magic
 10149 | D:11     | Found a transporter.
 10151 | D:11     | Found a transporter.
 10155 | D:11     | Found a transporter.
 10175 | D:11     | Found a transporter.
 10200 | D:11     | Reached skill level 2 in Conjurations
 10273 | D:11     | Reached skill level 2 in Air Magic
 10331 | D:11     | You add the spells Malign Gateway and Summon Horrible
                  | Things to your library.
 10373 | D:11     | Noticed Maurice
 10379 | D:11     | Killed Maurice
 10380 | D:11     | Reached skill level 3 in Conjurations
 10380 | D:11     | Reached skill level 3 in Air Magic
 10741 | D:12     | Noticed a boulder beetle
 10789 | D:12     | Reached skill level 4 in Conjurations
 11010 | D:10     | Reached skill level 4 in Air Magic
 11013 | D:10     | Killed a death yak
 11032 | Lair:1   | Noticed a death yak
 11043 | D:10     | HP: 14/69 [death yak (11)]
 11050 | D:10     | Killed a death yak
 11051 | D:10     | Reached skill level 5 in Conjurations
 11102 | D:9      | Killed a death yak
 11103 | D:9      | Reached skill level 5 in Air Magic
 11103 | D:9      | Reached XP level 12. HP: 73/75 MP: 27/28
 11124 | D:9      | Killed a death yak
 11125 | D:9      | Reached skill level 6 in Conjurations
 11224 | D:10     | Killed a death yak
 11224 | D:10     | Killed a death yak
 11225 | D:10     | Reached skill level 6 in Air Magic
 11319 | Lair:1   | Noticed a death yak
 11319 | Lair:1   | Noticed a death yak
 11341 | Lair:1   | Killed a death yak
 11342 | Lair:1   | Reached skill level 7 in Conjurations
 11343 | Lair:1   | Killed a death yak
 11407 | Lair:1   | Reached skill level 7 in Air Magic
 11434 | Lair:1   | Reached skill level 8 in Conjurations
 11493 | Lair:1   | Identified the +7 dagger "Aptius" {venom, rF+ Str+4 Dex+3}
 11497 | Lair:1   | Noticed a boulder beetle
 11507 | Lair:1   | Killed a boulder beetle
 11576 | Lair:1   | Reached skill level 8 in Air Magic
 11784 | Lair:1   | Reached skill level 9 in Conjurations
 12044 | Lair:2   | Reached skill level 9 in Air Magic
 12102 | Lair:2   | You pick up a book of the Dragon and begin reading...
 12102 | Lair:2   | You add the spells Cause Fear, Dragon Form and Dragon's
                  | Call to your library.
 12123 | Lair:2   | You fall into a shaft and drop 1 floor!
 12147 | Lair:3   | Reached XP level 13. HP: 68/79 MP: 28/29
 12471 | Lair:2   | Found a hole to the Spider Nest.
 12472 | Lair:2   | You pick up a book of Lightning and begin reading...
 12477 | Lair:2   | Reached skill level 10 in Conjurations
 12781 | Lair:2   | Found a staircase to the Shoals.
 13092 | Lair:2   | Reached skill level 10 in Dodging
 13225 | Lair:2   | Reached skill level 10 in Earth Magic
 13868 | Lair:3   | Reached skill level 10 in Air Magic
 14332 | Lair:4   | Found a viscous altar of Jiyva.
 14332 | Lair:4   | Found a staircase to the Slime Pits.
 14386 | Lair:4   | Reached skill level 11 in Air Magic
 14841 | Lair:4   | Learned a level 4 spell: Airstrike
 14874 | Lair:5   | Entered Level 5 of the Lair of Beasts
 14887 | Lair:4   | Reached skill level 9 in Fighting
 15002 | Lair:5   | Reached skill level 10 in Fighting
 15095 | Lair:5   | Reached XP level 14. HP: 68/88 MP: 6/30
 15366 | Lair:5   | Reached skill level 11 in Fighting
 15675 | Lair:5   | Reached skill level 12 in Fighting
 15773 | Lair:5   | Reached skill level 11 in Spellcasting
 15784 | Lair:5   | Reached skill level 12 in Spellcasting
 16081 | Lair:5   | You pick up a book of Air and begin reading...
 16593 | Orc:1    | Reached skill level 7 in Necromancy
 16723 | Orc:1    | Learned a level 6 spell: Death Channel
 16822 | Orc:1    | Found Vable's Weapon Boutique.
 17020 | Orc:2    | Entered Level 2 of the Orcish Mines
 17205 | Orc:2    | Reached skill level 8 in Necromancy
 17496 | Orc:2    | Reached skill level 9 in Necromancy
 17822 | Orc:2    | Reached skill level 1 in Armour
 18006 | Orc:2    | Found a staircase to the Elven Halls.
 18125 | Orc:2    | Noticed an orc warlord
 18142 | Orc:2    | Killed an orc warlord
 18301 | Orc:2    | Reached skill level 13 in Spellcasting
 18301 | Orc:2    | Reached XP level 15. HP: 92/96 MP: 6/34
 18380 | Orc:2    | Found Sugezin's Armour Emporium.
 18415 | Orc:2    | Found Zitoepidu's Magic Scroll Shoppe.
 18630 | Orc:2    | Found Wifi's Armour Emporium.
 18634 | Orc:2    | Reached skill level 10 in Necromancy
 18646 | Orc:2    | Bought a +0 leather armour of poison resistance for 84 gold
                  | pieces
 18801 | Orc:2    | Found Xutyrau's Jewellery Shoppe.
 18810 | Orc:2    | Bought the ring of Biheph {Wiz rPois rN+ rCorr Dex+3} for
                  | 744 gold pieces
 18841 | Orc:2    | Learned a level 8 spell: Infestation
 19719 | D:10     | Upgraded the game from 0.30-a0-381-g6ea064c7b4 to
                  | 0.30-a0-385-gfebfb9b408
 19719 | D:10     | magus.rc [v1.9.6]
 19781 | D:12     | Identified the +11 plate armour "Ypurusm" {rPois}
 20001 | D:12     | Found a portal to a secret trove of treasure.
 20004 | D:12     | This trove needs a +8 demon whip to function. Give it the
                  | item?
 20111 | D:12     | Found Log Zuj's Armour Emporium.
 20203 | D:12     | Reached skill level 14 in Spellcasting
 20246 | D:12     | Found a snail-covered altar of Cheibriados.
 20701 | D:12     | Reached skill level 11 in Necromancy
 21583 | D:13     | Identified the +7 great sword of Okhozel {vorpal, rC-
                  | Will++ rCorr Stlth+}
 21585 | D:13     | Found a runed translucent gate.
 21585 | D:13     | Found a runed translucent gate.
 21585 | D:13     | Found a runed translucent gate.
 21587 | D:13     | Identified the +1 chain mail "Umusines" {+Blink Int+5}
 21588 | D:13     | Noticed Murireun's ghost (journeyman GnFE)
 21645 | D:12     | magus.rc [v1.9.6]
 21715 | D:13     | Reached skill level 15 in Spellcasting
 21715 | D:13     | Reached skill level 12 in Necromancy
 22394 | D:13     | Found a gate to the Vaults.
 22606 | D:13     | Killed Murireun's ghost
 22753 | D:14     | Reached skill level 13 in Necromancy
 22826 | D:14     | Reached skill level 16 in Spellcasting
 22918 | D:14     | Found a frozen archway.
 22930 | IceCv    | Entered an ice cave
 23400 | IceCv    | magus.rc [v1.9.6]
 23462 | IceCv    | Reached XP level 16. HP: 101/101 MP: 4/38
 23542 | IceCv    | Found an ancient bone altar of Kikubaaqudgha.
 23553 | IceCv    | Reached skill level 14 in Necromancy
 23760 | IceCv    | Noticed a lich
 23764 | IceCv    | Killed a lich
 23820 | IceCv    | You pick up a book of Unlife and begin reading...
 24135 | D:14     | Identified the +0 helmet "Qule" {rCorr Stlth+}
 24389 | D:14     | You pick up a book of Vapours and begin reading...
 24389 | D:14     | You add the spells Poisonous Vapours, Cigotuvi's Dreadful
                  | Rot and Mephitic Cloud to your library.
 24486 | D:14     | You add the spells Gell's Gravitas, Teleport Other and
                  | Dispersal to your library.
 24533 | D:15     | Entered Level 15 of the Dungeon
 24593 | D:15     | Reached skill level 15 in Necromancy
 25034 | D:15     | You pick up a book of the Earth and begin reading...
 25034 | D:15     | You add the spells Leda's Liquefaction, Lee's Rapid
                  | Deconstruction and Statue Form to your library.
 25137 | D:15     | Found a staircase to the Depths.
 25455 | Spider:1 | Entered Level 1 of the Spider Nest
 25456 | Spider:1 | magus.rc [v1.9.6]
 25760 | Spider:1 | Reached skill level 16 in Necromancy
 25805 | Spider:1 | Learned a level 5 spell: Lee's Rapid Deconstruction
 26050 | Spider:1 | You pick up a book of Spectacle and begin reading...
 26050 | Spider:1 | You add the spells Dazzling Flash, Iskenderun's Mystic
                  | Blast and Starburst to your library.
 26359 | Spider:1 | Reached skill level 11 in Dodging
 26869 | Spider:1 | magus.rc [v1.9.6]
 27071 | Spider:2 | Reached skill level 12 in Dodging
 27190 | Spider:2 | Reached skill level 13 in Dodging
 27337 | Spider:2 | Reached skill level 14 in Dodging
 27626 | Spider:2 | Learned a level 7 spell: Haunt
 27642 | Spider:3 | Reached skill level 1 in Summonings
 27740 | Spider:3 | Noticed Agnes
 27775 | Spider:3 | Reached skill level 2 in Summonings
 27852 | Spider:3 | Reached skill level 3 in Summonings
 27852 | Spider:3 | Reached XP level 17. HP: 103/106 MP: 21/39
 27955 | Spider:3 | Reached skill level 4 in Summonings
 27970 | Spider:3 | Reached skill level 5 in Summonings
 28011 | Spider:3 | Killed Agnes
 28035 | Spider:3 | Reached skill level 6 in Summonings
 28154 | Spider:3 | You add the spells Call Imp, Animate Armour and Maxwell's
                  | Capacitive Coupling to your library.
 28154 | Spider:3 | Got the Opusculum on the Creative Welkin
 28649 | Spider:4 | Entered Level 4 of the Spider Nest
 28678 | Spider:4 | Reached skill level 1 in Staves
 28683 | Spider:4 | Reached skill level 2 in Staves
 28696 | Spider:4 | Identified a scroll of acquirement
 28697 | Spider:4 | Acquired a +4 demon whip of electrocution
 28734 | Spider:4 | Reached skill level 1 in Shields
 28738 | Spider:4 | Reached skill level 2 in Shields
 28767 | Spider:4 | Reached skill level 3 in Shields
 28780 | Spider:4 | Noticed Mara
 28783 | Spider:4 | Reached skill level 4 in Shields
 28788 | Spider:4 | Noticed Mara
 29019 | Spider:4 | Reached skill level 5 in Shields
 29133 | Spider:4 | Killed Mara
 29134 | Spider:4 | Reached skill level 6 in Shields
 29282 | Spider:4 | Reached skill level 7 in Shields
 29387 | Spider:4 | You add the spells Ignite Poison, Sticky Flame and Ignition
                  | to your library.
 29485 | Spider:4 | Got a gossamer rune of Zot
 29672 | Lair:2   | magus.rc [v1.9.6]
 29684 | Shoals:1 | Entered Level 1 of the Shoals
 29733 | Shoals:1 | Found Wycuypap's Firing Range.
 29748 | Shoals:1 | Reached skill level 17 in Spellcasting
 29902 | Shoals:1 | HP: 21/106 [merfolk/+0 trident[a merfolk aquamancer] (11)]
 30070 | Shoals:1 | Reached skill level 3 in Maces & Flails
 30652 | Vaults:1 | Entered Level 1 of the Vaults
 30837 | Vaults:1 | You add the spells Ozocubu's Armour and Ozocubu's
                  | Refrigeration to your library.
 30857 | Vaults:1 | Reached XP level 18. HP: 112/112 MP: 30/41
 30877 | Vaults:1 | Reached skill level 4 in Maces & Flails
 31165 | Vaults:1 | Reached skill level 5 in Maces & Flails
 31378 | Vaults:1 | Reached skill level 6 in Maces & Flails
 31414 | Vaults:1 | HP: 28/112 [ironbound frostheart/creeping frost (19)]
 31422 | Vaults:1 | HP: 12/112 [yaktaur captain/bolt (26)]
 31608 | Vaults:1 | Reached skill level 7 in Maces & Flails
 32439 | Vaults:1 | magus.rc [v1.9.6]
 32672 | Shoals:1 | Learned a level 6 spell: Statue Form
 32724 | Shoals:2 | HP: 25/112 [merfolk/+0 trident (16)]
 32889 | Shoals:1 | magus.rc [v1.9.6]
 32901 | Shoals:1 | Reached skill level 1 in Transmutations
 32974 | Shoals:2 | Reached skill level 2 in Transmutations
 32992 | Shoals:2 | Found Cauce's Magic Scroll Boutique.
 33002 | Shoals:2 | Reached skill level 3 in Transmutations
 33029 | Shoals:2 | Reached skill level 4 in Transmutations
 33065 | Shoals:2 | Reached skill level 5 in Transmutations
 33116 | Shoals:2 | Reached skill level 6 in Transmutations
 33131 | Shoals:2 | Reached skill level 7 in Transmutations
 33189 | Shoals:2 | Reached skill level 8 in Transmutations
 33401 | Shoals:2 | Bought a scroll of acquirement for 936 gold pieces
 33401 | Shoals:2 | Acquired a staff of air
 33707 | Shoals:3 | Noticed Nikola
 33730 | Shoals:3 | Identified Roxanne's Almanac of Transmogrification
 33730 | Shoals:3 | Noticed Roxanne
 33743 | Shoals:3 | Killed Roxanne
 33755 | Shoals:3 | You add the spells Sting, Blade Hands and Storm Form to
                  | your library.
 33766 | Shoals:3 | Reached XP level 19. HP: 116/116 MP: 21/42
 33769 | Shoals:3 | You pick up a book of Dreams and begin reading...
 33769 | Shoals:3 | You add the spells Ensorcelled Hibernation, Spider Form and
                  | Anguish to your library.
 33819 | Shoals:3 | Reached skill level 9 in Transmutations
 33823 | Shoals:3 | Noticed Kirke
 33829 | Shoals:3 | Killed Kirke
 33906 | Shoals:3 | Reached skill level 10 in Transmutations
 34024 | Shoals:3 | Noticed Polyphemus
 34027 | Shoals:3 | Killed Polyphemus
 34076 | Shoals:3 | Killed Nikola
 34087 | Shoals:3 | Noticed Bai Suzhen
 34092 | Shoals:3 | Killed Bai Suzhen
 34142 | Shoals:4 | Entered Level 4 of the Shoals
 34265 | Shoals:4 | Noticed Mlioglotl
 34279 | Shoals:4 | Killed Mlioglotl
 34362 | Shoals:4 | Reached skill level 13 in Fighting
 34382 | Shoals:4 | Identified the +1 helmet of Bitterness {+Inv rElec rN+
                  | Dex+2}
 34429 | Shoals:4 | You pick up a book of Beasts and begin reading...
 34429 | Shoals:4 | You add the spells Summon Ice Beast, Summon Mana Viper and
                  | Monstrous Menagerie to your library.
 34456 | Shoals:4 | Identified the +1 scale mail "Faohor" {Int+3}
 34497 | Shoals:4 | Identified the ring of Feufur {rC+ rCorr Dex+2 Stlth+}
 34562 | Shoals:4 | Got a barnacled rune of Zot
 34640 | Shoals:4 | Reached skill level 14 in Fighting
 34647 | Shoals:4 | You pick up a book of Conjurations {@e2} and begin
                  | reading...
 34647 | Shoals:4 | You add the spells Magic Dart, Searing Ray and Fulminant
                  | Prism to your library.
 34944 | Shoals:4 | Noticed Ilsuiw
 34956 | Shoals:4 | Killed Ilsuiw
 35596 | Shoals:2 | Bought a scroll of blinking for 135 gold pieces
 35596 | Shoals:2 | Bought a scroll of summoning for 171 gold pieces
 36246 | Vaults:2 | Found a staircase to the Crypt.
 36258 | Vaults:2 | Reached skill level 18 in Spellcasting
 36330 | Vaults:2 | Found a huge runed gate.
 36330 | Vaults:2 | Found a huge runed gate.
 36330 | Vaults:2 | Found a huge runed gate.
 36330 | Vaults:2 | Found a huge runed gate.
 36330 | Vaults:2 | Found a huge runed gate.
 36331 | Vaults:2 | Found a huge runed gate.
 36331 | Vaults:2 | Found a huge runed gate.
 36331 | Vaults:2 | Found a huge runed gate.
 36331 | Vaults:2 | Found a huge runed gate.
 36367 | Vaults:2 | Found a huge runed gate.
 36372 | Vaults:2 | Found a huge runed gate.
 36372 | Vaults:2 | Found a huge runed gate.
 36372 | Vaults:2 | Found a huge runed gate.
 36372 | Vaults:2 | Found a huge runed gate.
 36372 | Vaults:2 | Found a huge runed gate.
 36372 | Vaults:2 | Found a huge runed gate.
 36373 | Vaults:2 | Found a huge runed gate.
 36374 | Vaults:2 | Found a huge runed gate.
 36375 | Vaults:2 | Found a huge runed gate.
 36383 | Vaults:2 | Found a huge runed gate.
 36383 | Vaults:2 | Found a huge runed gate.
 36383 | Vaults:2 | Found a huge runed gate.
 36383 | Vaults:2 | Found a huge runed gate.
 36383 | Vaults:2 | Found a huge runed gate.
 36383 | Vaults:2 | Found a huge runed gate.
 36384 | Vaults:2 | Found a huge runed gate.
 36385 | Vaults:2 | Found a huge runed gate.
 36386 | Vaults:2 | Found a huge runed gate.
 36476 | Vaults:2 | Found Guim Qoepn's General Store.
 36489 | Vaults:2 | magus.rc [v1.9.6]
 37010 | Vaults:2 | Reached skill level 19 in Spellcasting
 37310 | Vaults:2 | Found a huge runed gate.
 37310 | Vaults:2 | Found a huge runed gate.
 37310 | Vaults:2 | Found a huge runed gate.
 37310 | Vaults:2 | Found a huge runed gate.
 37310 | Vaults:2 | Found a huge runed gate.
 37310 | Vaults:2 | Found a huge runed gate.
 37311 | Vaults:2 | Found a huge runed gate.
 37312 | Vaults:2 | Found a huge runed gate.
 37378 | Vaults:3 | Reached XP level 20. HP: 125/127 MP: 21/45
 37514 | Vaults:3 | Learned a level 8 spell: Summon Horrible Things
 37651 | Vaults:3 | Reached skill level 7 in Summonings
 37827 | Vaults:3 | Reached skill level 8 in Summonings
 38045 | Vaults:3 | Reached skill level 9 in Summonings
 38155 | Vaults:3 | HP: 21/127 [yaktaur captain (15)]
 38530 | Vaults:3 | Reached skill level 10 in Summonings
 38932 | Vaults:4 | magus.rc [v1.9.6]
 39000 | Vaults:4 | Reached skill level 11 in Summonings
 39053 | Vaults:4 | Identified the ring "Niziebitu" {rC+ rN+ Will+}
 39144 | Vaults:4 | Reached skill level 12 in Summonings
 39178 | Vaults:4 | Noticed Mennas
 39199 | Vaults:4 | Killed Mennas
 39200 | Vaults:4 | Reached skill level 13 in Summonings
 39584 | Vaults:4 | Noticed Zenata
 39602 | Vaults:4 | HP: 34/165 [+5 glaive of distortion[Zenata] (16)]
 39602 | Vaults:4 | HP: 10/165 [Zenata/a resonance strike (23)]
 39775 | Vaults:4 | Reached skill level 14 in Summonings
 40050 | Depths:1 | Entered Level 1 of the Depths
 40058 | Depths:1 | Found a flickering gateway to a bazaar.
 40070 | Bazaar   | Entered a bazaar
 40070 | Bazaar   | Found Nuwuumod's Jewellery Emporium.
 40082 | Bazaar   | Found Kismorucw's Antique Weapon Boutique.
 40090 | Bazaar   | Found Nerydeon's General Store.
 40112 | Bazaar   | Found Otri Hug's Antique Armour Shop.
 40120 | Bazaar   | Found Peuff's Magic Scroll Shop.
 40128 | Bazaar   | Bought a scroll of summoning for 123 gold pieces
 40260 | Bazaar   | Bought a potion of haste for 110 gold pieces
 40293 | Bazaar   | Bought a scroll of fear for 52 gold pieces
 40293 | Bazaar   | Bought a scroll of enchant armour for 97 gold pieces
 40409 | Depths:1 | Found a gateway to Hell.
 40563 | Depths:1 | Found a one-way gate leading to the halls of Pandemonium.
 40629 | Depths:1 | Found a basalt altar of Yredelemnul.
 41015 | Depths:1 | You pick up a book of Unlife and begin reading...
 41071 | Depths:1 | HP: 17/127 [spark wasp (21)]
 41071 | Depths:1 | Slain by a spark wasp

Vanquished Creatures
  A lich (IceCv)
  2 sphinxes (Vaults:3)
  3 vault wardens
  5 ironbound preservers
  A ghost moth (Spider:4)
  2 orc warlords
  7 very ugly things
  2 ironbound thunderhulks
  A stone giant (Vaults:3)
  A broodmother (Spider:3)
  A deep elf annihilator (Vaults:3)
  6 dire elephants (Vaults:3)
  An eleionoma (Shoals:4)
  2 merfolk impalers
  Josephine (D:10)
  3 yaktaur captains
  A fire dragon (D:15)
  3 vault guards
  5 hydras
  4 great orbs of eyes
  A caustic shrike simulacrum (IceCv)
  A catoblepas (D:12)
  2 ice dragons
  3 merfolk aquamancers
  5 two-headed ogres
  2 ironbound frosthearts (Vaults:2)
  An alligator snapping turtle (Shoals:1)
  8 centaur warriors
  9 boulder beetles
  2 tengu warriors (D:13)
  10 death yaks
  A satyr (Shoals:4)
  3 orc high priests (Orc:2)
  Nergalle (D:11)
  A skeletal warrior (D:12)
  A fire crab (Shoals:2)
  4 pharaoh ants
  13 deep trolls
  2 bog bodies (IceCv)
  An orb spider (Spider:3)
  5 sea snakes
  5 harpies
  12 ironbound convokers
  14 wolf spiders
  2 lindwurms (Vaults:1)
  5 wizards
  2 deep elf pyromancers
  An obsidian statue (IceCv)
  3 necromancers
  6 orc knights
  3 orc sorcerers (Orc:2)
  9 manticores
  5 fauns
  4 cyclopes
  10 ugly things
  5 black mambas
  Maurice (D:11)
  A guardian serpent (Lair:5)
  4 elephants
  5 merfolk sirens
  4 vault sentinels
  A torpor snail (Spider:1)
  3 gargoyles
  4 water nymphs (Shoals:4)
  3 unseen horrors
  13 cane toads
  4 yaktaurs
  3 demonic crawlers
  A yaktaur (shapeshifter) (Vaults:3)
  A rime drake (Lair:4)
  15 freezing wraiths
  2 efreet (D:14)
  2 golden dragon simulacra (IceCv)
  7 komodo dragons
  2 anaconda simulacra (IceCv)
  A hydra zombie (Lair:5)
  7 trolls
  4 merfolk
  2 ice devils (IceCv)
  4 hornets
  A polar bear (Lair:2)
  4 meliai
  20 tarantellas
  A wind drake (Lair:2)
  Prince Ribbit (D:8)
  2 blink frogs (Lair:2)
  14 slime creatures
  A spriggan zombie (Depths:1)
  8 jumping spiders
  3 snapping turtles (Shoals:4)
  12 dream sheep
  9 culicivoras
  3 dire elephant simulacra (IceCv)
  A shadow (D:11)
  8 wyverns
  4 wraiths
  2 water elementals
  48 yaks
  3 basilisks
  15 humans (D:13)
  24 redbacks
  A minotaur simulacrum (IceCv)
  7 vampire mosquitoes
  A warg (shapeshifter) (D:14)
  Menkaure (D:7)
  2 harpy simulacra (IceCv)
  8 wargs
  A human zombie (D:13)
  A hydra simulacrum (IceCv)
  An acid dragon (D:13)
  16 water moccasins
  2 ice beasts (D:7)
  44 orc warriors
  A black bear (Lair:2)
  3 ettin simulacra (IceCv)
  2 sky beasts
  5 alligator simulacra (IceCv)
  13 ogres
  5 boggarts (Vaults:1)
  5 wolves (Lair:2)
  8 centaurs
  A phantom (D:5)
  16 bullfrogs
  3 gnoll sergeants
  3 scorpions
  3 deep troll simulacra (IceCv)
  2 necrophages (D:7)
  10 wights
  11 killer bees
  5 lindwurm simulacra (IceCv)
  5 electric eels
  4 howler monkeys
  2 jellies
  25 orc priests
  9 hounds
  3 iguanas
  18 orc wizards
  2 polar bear simulacra (Lair:4)
  2 yak simulacra (Lair:4)
  4 wolf simulacra (Lair:4)
  12 gnolls
  5 adders
  An ufetubus (D:5)
  3 worms
  3 dart slugs
  95 orcs
  12 ball pythons
  7 endoplasms
  2 giant cockroaches (D:1)
  11 goblins
  9 hobgoblins
  8 jackals
  12 kobolds
  5 quokkas
  8 bats
  3 frilled lizards
  5 rats
  2 butterflies (Lair:4)
950 creatures vanquished.

Vanquished Creatures (collateral kills)
  Mara (Spider:4)
  Mennas (Vaults:4)
  Bai Suzhen (Shoals:3)
  Nikola (Shoals:3)
  Mlioglotl (Shoals:4)
  A kraken (Shoals:2)
  A titan (Vaults:4)
  2 ancient champions (Vaults:2)
  Polyphemus (Shoals:3)
  A tengu reaver (Vaults:4)
  Agnes (Spider:3)
  3 sphinxes (Vaults:4)
  Kirke (Shoals:3)
  Roxanne (Shoals:3)
  A shadow dragon (Vaults:4)
  A fire giant (Vaults:3)
  Ilsuiw (Shoals:4)
  A frost giant (Depths:1)
  4 vault wardens
  8 emperor scorpions
  An iron dragon (Vaults:3)
  2 ghost moths (Spider:4)
  The ghost of Murireun the Martial Artist, a journeyman GnFE of Cheibriados (D:13)
  5 broodmothers
  2 stone giants
  6 ironbound preservers
  3 ironbound thunderhulks
  An eleionoma (Shoals:4)
  A spark wasp (Depths:1)
  A deep elf death mage (Vaults:2)
  An eidolon (Vaults:2)
  11 dire elephants
  2 ettins
  3 entropy weavers
  2 merfolk javelineers (Shoals:4)
  6 merfolk impalers
  2 great orbs of eyes
  5 yaktaur captains
  A hydra (Lair:5)
  A rakshasa (Depths:1)
  A jorogumo (Spider:4)
  A vault guard (Vaults:1)
  5 merfolk avatars
  A catoblepas (Shoals:3)
  4 centaur warriors
  2 radroaches
  2 alligator snapping turtles (Shoals:2)
  6 merfolk aquamancers
  6 ironbound frosthearts
  2 satyrs (Shoals:4)
  3 boulder beetles
  A death knight (Vaults:2)
  4 death yaks
  A deep troll earth mage (Depths:1)
  An orc high priest (Orc:2)
  A storm dragon zombie (Depths:1)
  2 pharaoh ants
  An iron troll (Depths:1)
  A skeletal warrior (D:12)
  18 sea snakes
  5 steelbarb worms
  25 deep trolls
  9 orb spiders
  A deep elf archer (D:13)
  4 ironbound convokers
  6 wizards
  4 lindwurms
  A glowing orange brain (Vaults:3)
  2 deep elf pyromancers
  9 harpies
  10 wolf spiders
  3 cyclopes
  19 ugly things
  14 fauns
  11 manticores
  3 moths of wrath
  An orc sorcerer (Orc:2)
  6 merfolk sirens
  8 vault sentinels
  9 elephants
  7 water nymphs
  4 black mambas (Lair:5)
  5 torpor snails
  5 cane toads
  2 demonic crawlers
  4 komodo dragons
  A freezing wraith (D:14)
  7 yaktaurs
  A merfolk (shapeshifter) (Depths:1)
  28 merfolk
  2 meliai
  2 trolls
  A polar bear (Lair:5)
  A wind drake (Shoals:4)
  11 slime creatures
  15 tarantellas
  9 blink frogs
  9 snapping turtles
  10 dream sheep
  16 jumping spiders
  23 culicivoras
  7 wyverns (Lair:5)
  7 water elementals
  A shadow (D:13)
  18 yaks
  2 fire bats (Shoals:2)
  2 humans (D:13)
  4 hogs (Shoals:3)
  32 redbacks
  6 water moccasins (Lair:5)
  7 orc warriors
  3 wolves (Lair:2)
  An ogre (Orc:2)
  4 centaurs
  A kobold brigand (D:9)
  A bullfrog (Lair:1)
  9 orc priests (Orc:2)
  2 yak simulacra (Lair:4)
  A wolf simulacrum (Lair:4)
  15 orcs
  A frilled lizard (D:10)
  3 plants
593 creatures vanquished.

Vanquished Creatures (others)
  4 very ugly thing zombies (Vaults:1)
  An emperor scorpion zombie (Spider:4)
  3 ugly thing zombies
  2 broodmother zombies
  A harpy (Shoals:4)
  A jorogumo zombie (Spider:4)
  4 wolf spider zombies
  2 sea snake zombies (Shoals:1)
  14 redback zombies
  4 orb spider zombies
  A demonic crawler zombie (Spider:2)
  3 harpy zombies (Shoals:1)
  2 moth of wrath zombies
  6 jumping spider zombies
  A hydra zombie (Lair:5)
  10 culicivora zombies
  2 meliai zombies (Spider:4)
  A boulder beetle zombie (D:13)
  9 tarantella zombies
  2 black mamba zombies (Lair:5)
  3 humans (Shoals:3)
  A water elemental (Shoals:1)
  2 faun zombies (Shoals:1)
  A tengu zombie (D:13)
  3 cane toad zombies
  An elf zombie (D:14)
  An orc warrior (D:4)
  3 elephant zombies
  2 merfolk zombies (Shoals:1)
  2 blink frog zombies (Lair:5)
  5 dream sheep zombies (Lair:5)
  3 manticore zombies
  A torpor snail zombie (Spider:4)
  2 komodo dragon zombies
  2 water moccasin zombies (Lair:5)
  3 wyvern zombies
  2 warg zombies
  10 yak zombies
  2 wolf zombies (Lair:2)
  5 bullfrog zombies
  5 centaur zombies
  6 human zombies
  An orc wizard (D:4)
  5 killer bee zombies (D:9)
  An acid dragon zombie (D:13)
  2 ogre zombies (Orc:2)
  A kobold zombie (D:9)
  46 orc zombies
  52 fungi
  180 plants
  4 tentacles (Shoals:2)
430 creatures vanquished.

Grand Total: 1973 creatures vanquished

Table legend:
 A = Non-vault XP
 B = Vault XP
 C = Vault XP percentage of total XP
 D = Non-vault monster count
 E = Vault monster count
 F = Vault count percentage of total count
                 A         B        C        D         E       F
            +---------+---------+-------+---------+---------+-------
      Total |  325733 |  253314 |  43.7 |     959 |     581 |  37.7
            +---------+---------+-------+---------+---------+-------
        D:1 |      64 |       0 |   0.0 |      29 |       0 |   0.0
        D:2 |      67 |       0 |   0.0 |      30 |       0 |   0.0
        D:3 |      31 |      21 |  40.4 |      14 |       4 |  22.2
        D:4 |     453 |       0 |   0.0 |      24 |       0 |   0.0
        D:5 |     725 |       0 |   0.0 |      18 |       0 |   0.0
        D:6 |     436 |      13 |   2.9 |       9 |       6 |  40.0
        D:7 |    1543 |     169 |   9.9 |      30 |       1 |   3.2
        D:8 |    1659 |     268 |  13.9 |      20 |       1 |   4.8
        D:9 |    4417 |     429 |   8.9 |      28 |       4 |  12.5
       D:10 |    7151 |    2503 |  25.9 |      40 |      10 |  20.0
       D:11 |    2864 |    1257 |  30.5 |      15 |       2 |  11.8
       D:12 |    6661 |     855 |  11.4 |      15 |       2 |  11.8
       D:13 |   10105 |   12834 |  55.9 |      14 |      42 |  75.0
       D:14 |    7665 |       0 |   0.0 |      20 |       0 |   0.0
       D:15 |    4904 |    1728 |  26.1 |      15 |       2 |  11.8
     Lair:1 |   10619 |     825 |   7.2 |      39 |       1 |   2.5
     Lair:2 |    7318 |    2937 |  28.6 |      29 |      12 |  29.3
     Lair:3 |    1695 |    1423 |  45.6 |       6 |       3 |  33.3
     Lair:4 |    6583 |     933 |  12.4 |      21 |      12 |  36.4
     Lair:5 |   21756 |    9790 |  31.0 |      61 |      37 |  37.8
   Shoals:1 |   20386 |       0 |   0.0 |      42 |       0 |   0.0
   Shoals:2 |   16605 |   13146 |  44.2 |      37 |      21 |  36.2
   Shoals:3 |   19484 |   13676 |  41.2 |      40 |      13 |  24.5
   Shoals:4 |    4746 |   33058 |  87.4 |      12 |      53 |  81.5
   Spider:1 |   12440 |     265 |   2.1 |      38 |       1 |   2.6
   Spider:2 |   18474 |    6112 |  24.9 |      45 |      11 |  19.6
   Spider:3 |   16804 |    2269 |  11.9 |      47 |       2 |   4.1
   Spider:4 |   17040 |   22641 |  57.1 |      45 |      36 |  44.4
      Orc:1 |    3565 |     135 |   3.6 |      40 |       7 |  14.9
      Orc:2 |       0 |   20404 | 100.0 |       0 |     139 | 100.0
   Vaults:1 |   30760 |   19953 |  39.3 |      46 |      27 |  37.0
   Vaults:2 |   11421 |   15846 |  58.1 |      18 |      19 |  51.4
   Vaults:3 |   21027 |   26409 |  55.7 |      27 |      33 |  55.0
   Vaults:4 |   21091 |   25302 |  54.5 |      24 |      27 |  52.9
   Depths:1 |   15174 |     957 |   5.9 |      21 |       2 |   8.7
      IceCv |       0 |   17156 | 100.0 |       0 |      51 | 100.0
            +---------+---------+-------+---------+---------+-------

Illustrated notes

Table legend:
 A = Kills in this place as a percentage of kills in entire the game.
 B = Kills by you in this place as a percentage of kills by you in the entire game.
 C = Kills by friends in this place as a percentage of kills by friends in the entire game.
 D = Other kills in this place as a percentage of other kills in the entire game.
 E = Experience gained in this place as a percentage of experience gained in the entire game.
 F = Experience gained in this place divided by the number of levels of this place that you have seen.
                   A       B       C       D       E      F
               +-------+-------+-------+-------+-------+----------------------
         Total | 100.0 | 100.0 | 100.0 | 100.0 | 100.0 | 15649.9
       Dungeon |  25.6 |  38.6 |   4.7 |  50.0 |  11.9 | 4588.1
          Lair |  14.4 |  14.9 |  13.6 |   0.0 |  11.0 | 12775.8
        Shoals |  14.2 |   5.5 |  27.8 |  50.0 |  20.9 | 30275.2
   Spider Nest |  14.6 |   8.8 |  24.1 |   0.0 |  16.6 | 24011.2
  Orcish Mines |  12.1 |  16.5 |   5.1 |   0.0 |   4.2 | 12052.0
        Vaults |  14.4 |  10.0 |  21.4 |   0.0 |  29.7 | 42952.2
        Depths |   1.5 |   0.3 |   3.4 |   0.0 |   2.8 | 16131.0
      Ice Cave |   3.3 |   5.4 |   0.0 |   0.0 |   3.0 | 17156.0
               +-------+-------+-------+-------+-------+----------------------

Table legend: (Time is in decaauts)
 A = Elapsed time spent in this place.
 B = Non-inter-level travel time spent in this place.
 C = Inter-level travel time spent in this place.
 D = Time resting spent in this place.
 E = Time spent auto-exploring this place.
 F = Levels seen in this place.
 G = Mean time per level.
                   A        B        C        D        E       F      G
               +--------+--------+--------+--------+--------+-----+--------+
         Total |  41788 |  37939 |   3849 |   5619 |  21402 |  37 | 1129.4 |
       Dungeon |  16801 |  15028 |   1773 |   2248 |   9912 |  15 | 1120.1 |
          Lair |   6158 |   5171 |    987 |    756 |   3128 |   5 | 1231.6 |
        Shoals |   3851 |   3420 |    431 |    624 |   1090 |   4 |  962.8 |
   Spider Nest |   4079 |   3888 |    191 |    521 |   2207 |   4 | 1019.8 |
  Orcish Mines |   3092 |   2903 |    189 |    447 |   1296 |   2 | 1546.0 |
        Vaults |   5796 |   5520 |    276 |    522 |   3005 |   4 | 1449.0 |
        Depths |    763 |    763 |      0 |     49 |    503 |   1 |  763.0 |
        Bazaar |    251 |    251 |      0 |    100 |     53 |   1 |  251.0 |
      Ice Cave |    993 |    993 |      0 |    351 |    206 |   1 |  993.0 |
               +--------+--------+--------+--------+--------+-----+--------+

Top non-repeatable levels by time:
   Orc:2: 2275 daAuts
    D:13: 1986 daAuts
Vaults:1: 1936 daAuts
Vaults:3: 1887 daAuts
    D:12: 1850 daAuts
  Lair:2: 1702 daAuts
    D:10: 1658 daAuts
  Lair:5: 1349 daAuts
Spider:1: 1311 daAuts
  Lair:1: 1249 daAuts
    D:11: 1223 daAuts
Shoals:4: 1207 daAuts
Vaults:2: 1171 daAuts
Shoals:1: 1168 daAuts
     D:5: 1120 daAuts
